[Event "Titled Tuesday Blitz August 08 Late 2023"]
[White "Tahbaz, Arash"]
[Black "Hua, Lefong"]
[WhiteFideId "12528846"]
[BlackFideId "2602253"]
[WhiteElo "2877"]
[BlackElo "2649"]
[Result "1-0"]
[Round "5"]
[TimeControl "180+1"]
[Date "2023.08.08"]
[WhiteClock "0:00:13"]
[BlackClock "0:00:04"]
[Board "29"]

1. Nf3 Nf6 2. d4 g6 3. Bf4 Bg7 4. e3 O-O 5. Nbd2 c5 6. c3 d6 7. dxc5 dxc5 8. h3 Nc6 9. Be2 b6 10. O-O Bb7 11. Qc2 Qc8 12. e4 Nd7 13. Rae1 Nde5 14. Nxe5 Nxe5 15. Bh2 Ba6 16. f4 Bxe2 17. Rxe2 Nc6 18. e5 e6 19. Ne4 Rd8 20. Bg3 Qa6 21. Bh4 Rd7 22. Nf6+ Bxf6 23. Bxf6 Ne7 24. Ref2 Nd5 25. Qc1 Nxf6 26. exf6 Qc8 27. Rd2 Rxd2 28. Qxd2 Qd8 29. Qxd8+ Rxd8 30. g4 Rd2 31. Rf2 Rd1+ 32. Kg2 Kf8 33. g5 Ke8 34. h4 Kd7 35. h5 c4 36. hxg6 hxg6 37. Kf3 e5 38. Re2 Rf1+ 39. Kg3 exf4+ 40. Kg4 f3 41. Re7+ Kd6 42. Rxf7 f2 43. Kg3 Rg1+ 44. Kxf2 Rxg5 45. Ke3 Rf5 46. Ke4 Ke6 47. Rxa7 Kxf6 48. Ra6 Rb5 49. a4 Rxb2 50. a5 Ke7 51. axb6 Kd7 52. Kd5 g5 53. Ra7+ Kc8 54. Kc6 Kb8 55. Rg7 1-0


[Site "https://www.chess.com"]

[Event "Titled Tuesday Blitz August 08 Late 2023"]
[White "Tsvetkov, Andrey"]
[Black "Ibarra Jerez, Jose Carlos"]
[WhiteFideId "34139360"]
[BlackFideId "2226332"]
[WhiteElo "2642"]
[BlackElo "2860"]
[Result "1-0"]
[Round "5"]
[TimeControl "180+1"]
[Date "2023.08.08"]
[WhiteClock "0:00:09"]
[BlackClock "0:00:00"]
[Board "30"]

1. d4 Nf6 2. c4 d6 3. Nc3 e5 4. Nf3 e4 5. Nd2 Qe7 6. Qc2 Bf5 7. g4 Nxg4 8. Ndxe4 Bg6 9. Bg2 Nc6 10. Qa4 Qd7 11. h3 Nf6 12. Nxf6+ gxf6 13. Nd5 Bg7 14. Bh6 O-O 15. Qd1 Rfe8 16. O-O Bh8 17. Qd2 Ne7 18. Nxe7+ Rxe7 19. e3 c6 20. Kh2 Rae8 21. Rg1 Qf5 22. Qe2 Bg7 23. Bxg7 Kxg7 24. b3 Kh8 25. Rae1 Bh5 26. Qd2 Rg8 27. Bh1 Ree8 28. e4 Qe6 29. Qf4 Rxg1 30. Rxg1 Bg6 31. h4 c5 32. Bf3 cxd4 33. h5 Qe5 34. Qxe5 fxe5 35. hxg6 hxg6 36. Bg4 Kg7 37. Rc1 b6 38. b4 Re7 39. c5 dxc5 40. bxc5 bxc5 41. Rxc5 Kf6 42. Kg3 Rb7 43. f4 exf4+ 44. Kxf4 Rb2 45. Rc6+ Kg7 46. Ra6 Rb7 47. e5 d3 48. Rd6 Rb4+ 49. Kf3 Ra4 50. Rd7 Kh6 51. Rxf7 d2 52. Rd7 Kg5 53. Be6 Ra3+ 54. Bb3 Ra5 55. e6 Rf5+ 56. Ke2 Kf6 57. Rf7+ Ke5 58. Rxf5+ 1-0


[Site "https://www.chess.com"]

[Event "Titled Tuesday Blitz August 08 Late 2023"]
[White "Wieczorek, Oskar"]
[Black "Donchenko, Alexander"]
[WhiteFideId "1133950"]
[BlackFideId "24603295"]
[WhiteElo "2647"]
[BlackElo "2838"]
[Result "0-1"]
[Round "5"]
[TimeControl "180+1"]
[Date "2023.08.08"]
[WhiteClock "0:00:22"]
[BlackClock "0:01:52"]
[Board "31"]

1. e4 c6 2. d4 d5 3. Nd2 dxe4 4. Nxe4 Bf5 5. Ng3 Bg6 6. c3 Nf6 7. Nh3 Nbd7 8. Bc4 e6 9. Nf4 Bd6 10. h4 Bxf4 11. Bxf4 h6 12. Be2 Qb6 13. Qb3 O-O 14. h5 Bh7 15. O-O Rfe8 16. Rfe1 e5 17. Be3 Nd5 18. Bc4 Qxb3 19. axb3 Nxe3 20. fxe3 Nb6 21. Ra5 exd4 22. cxd4 Re7 23. Kf2 a6 24. Be2 Nd5 25. Bc4 Nf6 26. Nf5 Rd7 27. Bd3 Re8 28. Kf3 Bxf5 29. Rxf5 Rxd4 30. Bc4 Rd2 31. e4 b5 32. Re2 Rxe2 33. Bxe2 Nxe4 0-1


[Site "https://www.chess.com"]

[Event "Titled Tuesday Blitz August 08 Late 2023"]
[White "Richter, Nils"]
[Black "Shtembuliak, Evgeny"]
[WhiteFideId "12990809"]
[BlackFideId "14113325"]
[WhiteElo "2633"]
[BlackElo "2829"]
[Result "1-0"]
[Round "5"]
[TimeControl "180+1"]
[Date "2023.08.08"]
[WhiteClock "0:00:05"]
[BlackClock "0:00:01"]
[Board "32"]

1. d4 g6 2. c4 Bg7 3. Nc3 d6 4. e4 e5 5. dxe5 dxe5 6. Qxd8+ Kxd8 7. f4 Nc6 8. Nf3 Nd4 9. Bd3 Nxf3+ 10. gxf3 c6 11. Be3 Bh6 12. Ne2 Nf6 13. Kf2 Nd7 14. Rad1 Ke7 15. c5 exf4 16. Nxf4 Bg7 17. b4 Ne5 18. Be2 f5 19. Rhg1 fxe4 20. fxe4 Rf8 21. Kg3 Nf7 22. Bc4 Be5 23. Kg2 Nd8 24. Rgf1 Bg4 25. Rd3 Rf6 26. h3 Be6 27. Nxe6 Nxe6 28. Rfd1 Nf4+ 29. Bxf4 Rxf4 30. Rd7+ Kf6 31. Rxh7 Kg5 32. Rg1 Bd4 33. Rf1 Raf8 34. Rxf4 Rxf4 35. Bd3 Rf2+ 36. Kg3 Rd2 37. Bc4 Be5+ 38. Kf3 Rc2 39. h4+ Kf6 40. Rf7# 1-0


[Site "https://www.chess.com"]

[Event "Titled Tuesday Blitz August 08 Late 2023"]
[White "Pakleza, Zbigniew"]
[Black "Tologon tegin, Semetei"]
[WhiteFideId "1119290"]
[BlackFideId "13800574"]
[WhiteElo "2824"]
[BlackElo "2622"]
[Result "1-0"]
[Round "5"]
[TimeControl "180+1"]
[Date "2023.08.08"]
[WhiteClock "0:00:15"]
[BlackClock "0:00:05"]
[Board "33"]

1. d4 d5 2. Bf4 Nf6 3. e3 c6 4. c4 e6 5. Nc3 Bd6 6. Bg3 O-O 7. Nf3 Ne4 8. Nxe4 dxe4 9. Nd2 f5 10. c5 Bxg3 11. hxg3 b5 12. a4 a6 13. axb5 cxb5 14. Bxb5 Bb7 15. Bc4 Bd5 16. Qa4 Qc7 17. Bxd5 exd5 18. b4 Nc6 19. Qb3 Qd7 20. O-O Rfb8 21. Ra4 Rb5 22. Rfa1 a5 23. Nb1 Nxb4 24. Nc3 Rbb8 25. Rxa5 Rxa5 26. Rxa5 h6 27. Ra4 Qb7 28. Kh2 Kh8 29. Rxb4 Qxb4 30. Qxb4 Rxb4 31. Nxd5 Rc4 32. Ne7 g6 33. Nxg6+ Kg7 34. Nf4 Kf6 35. g4 fxg4 36. Kg3 Kf5 37. Nd5 Rc2 38. c6 h5 39. c7 Ke6 40. Nf4+ Kf5 41. Nxh5 Rxc7 42. Nf4 Rc2 43. Nd5 Rd2 44. Ne7+ Ke6 45. Ng6 Kf5 46. Nf4 Rd1 47. Nd5 Rd2 48. Nb6 Rd1 49. Nc4 Rc1 50. Nd6+ Ke6 51. Nxe4 Rc2 52. Kxg4 Kd5 53. Kf3 Rc1 54. g4 Rh1 55. Ng3 Rg1 56. Kf4 Rg2 57. f3 Rg1 58. Nf5 Rf1 59. e4+ Ke6 60. d5+ Kf6 61. g5+ Kg6 62. d6 Rd1 63. Ke5 Kxg5 64. Nd4 Ra1 65. d7 Ra8 66. Ne6+ Kg6 67. d8=Q Rxd8 68. Nxd8 Kh5 69. Kf5 Kh6 70. Kf6 Kh5 71. e5 Kh4 72. e6 Kg3 73. e7 Kxf3 74. e8=Q Kg2 75. Ke5 Kh1 76. Qf7 Kg2 77. Qf4 Kh1 78. Qg5 Kh2 79. Kf4 Kh1 80. Kf3 1-0


[Site "https://www.chess.com"]

[Event "Titled Tuesday Blitz August 08 Late 2023"]
[White "Riehle, Marco"]
[Black "Goldin, Alexander"]
[WhiteFideId "12904392"]
[BlackFideId "2019540"]
[WhiteElo "2809"]
[BlackElo "2620"]
[Result "0-1"]
[Round "5"]
[TimeControl "180+1"]
[Date "2023.08.08"]
[WhiteClock "0:00:21"]
[BlackClock "0:00:15"]
[Board "34"]

1. e4 e5 2. Nf3 Nc6 3. Bc4 Be7 4. d4 d6 5. h3 Nf6 6. O-O O-O 7. Re1 exd4 8. Nxd4 Nxd4 9. Qxd4 Be6 10. Bxe6 fxe6 11. e5 Nd5 12. exd6 Qxd6 13. Nc3 Bf6 14. Qc4 Nxc3 15. bxc3 Qd5 16. Qxd5 exd5 17. Bd2 Kf7 18. Rad1 c6 19. Kf1 Rfe8 20. Rxe8 Rxe8 21. g3 Re4 22. Rb1 b5 23. Rb4 Re7 24. g4 h6 25. f4 a5 26. Rb1 Re4 27. Kf2 Rc4 28. Re1 Bxc3 29. Bxc3 Rxc3 30. Re2 Ra3 31. h4 Rxa2 32. g5 hxg5 33. hxg5 g6 34. Kf3 b4 35. Rh2 b3 36. Rh7+ Kg8 37. Rc7 b2 38. Rb7 a4 39. f5 gxf5 40. Kf4 a3 41. Kxf5 Ra1 42. Rb8+ Kg7 43. Rb7+ Kf8 44. Rb8+ Ke7 45. Rb7+ Kd6 46. c4 b1=Q+ 47. Kf6 Qxb7 48. c5+ Kxc5 49. g6 Rf1+ 50. Kg5 Qg7 51. Kh5 Rf5+ 52. Kg4 Qxg6+ 0-1


[Site "https://www.chess.com"]

[Event "Titled Tuesday Blitz August 08 Late 2023"]
[White "Bauman_Guy"]
[Black "Zarubitski, Viachaslau"]
[BlackFideId "13509373"]
[WhiteElo "2808"]
[BlackElo "2616"]
[Result "0-1"]
[Round "5"]
[TimeControl "180+1"]
[Date "2023.08.08"]
[WhiteClock "0:00:00"]
[BlackClock "0:00:05"]
[Board "35"]

1. e4 e5 2. Nf3 Nf6 3. Nxe5 d6 4. Nf3 Nxe4 5. d4 d5 6. Bd3 Bd6 7. O-O O-O 8. c4 c6 9. Nc3 Nxc3 10. bxc3 dxc4 11. Bxc4 Bf5 12. Bg5 Qa5 13. Nh4 Be6 14. Bxe6 Qxg5 15. Nf3 Qa5 16. Qb3 Qc7 17. Bc4 Nd7 18. Rfe1 h6 19. a4 b6 20. Re2 a6 21. Rae1 b5 22. Bd3 Qa5 23. axb5 axb5 24. Be4 Qc7 25. c4 Ra3 26. Qc2 Bb4 27. Rb1 Rc3 28. Qa2 Rxc4 29. Bd3 Rc3 30. Bxb5 cxb5 31. Rxb4 Rc1+ 32. Re1 Rxe1+ 33. Nxe1 Re8 34. Rb1 Nf6 35. Nd3 Qc3 36. Qb3 Qxd4 37. Qxb5 Re2 38. Rf1 g6 39. Nc1 Rb2 40. Qd3 Qb6 41. Ne2 Ng4 42. h3 Nxf2 43. Qd4 Qxd4 44. Nxd4 Ne4 45. Re1 Ng3 46. Nf3 Ne2+ 47. Kf1 Nf4 48. Nh4 Kg7 49. Re4 g5 50. Nf5+ Kg6 51. Ne3 Nd3 52. Kg1 Nf4 53. Rc4 Ne6 54. Rc6 Re2 55. Ng4 h5 56. Nf2 Kg7 57. Nd3 Re3 58. Rd6 Re2 59. Kf1 Ra2 60. Rd5 Rd2 61. Nb4 Rb2 62. Nd3 Rb1+ 63. Kf2 Rb3 64. Ne1 Kf6 65. Rd2 Nf4 66. Nf3 g4 67. hxg4 hxg4 68. Nd4 g3+ 69. Ke1 Rb1+ 70. Rd1 Nxg2+ 71. Kd2 Rxd1+ 72. Kxd1 Nf4 73. Ke1 Kg5 74. Nf3+ Kf5 75. Nd4+ Kg4 76. Kf1 f5 77. Nc2 Nd5 78. Kg1 f4 79. Ne1 f3 80. Nd3 Ne3 81. Ne5+ Kf4 82. Nd3+ Kf5 83. Nf2 gxf2+ 84. Kxf2 Kf4 85. Kg1 Kg3 86. Kh1 Ng4 87. Kg1 f2+ 0-1


[Site "https://www.chess.com"]

[Event "Titled Tuesday Blitz August 08 Late 2023"]
[White "Ambartsumova, Karina"]
[Black "Bazeev, German"]
[WhiteFideId "4166299"]
[BlackFideId "24119350"]
[WhiteElo "2593"]
[BlackElo "2806"]
[Result "0-1"]
[Round "5"]
[TimeControl "180+1"]
[Date "2023.08.08"]
[WhiteClock "0:00:00"]
[BlackClock "0:00:41"]
[Board "36"]

1. c4 e5 2. Nc3 Nf6 3. Nf3 Nc6 4. e3 Bb4 5. Qc2 Bxc3 6. Qxc3 d6 7. d4 Qe7 8. Be2 O-O 9. O-O Bf5 10. b3 h6 11. Bb2 Rfe8 12. Rad1 a5 13. a3 Bh7 14. Rfe1 a4 15. b4 e4 16. Nd2 d5 17. Qc2 Qe6 18. Rc1 Ne7 19. b5 Bf5 20. cxd5 Nfxd5 21. Nc4 f6 22. Bf1 h5 23. Nd2 Bg6 24. Qc4 Kh7 25. f3 f5 26. f4 b6 27. Bc3 Bf7 28. Bb4 Ng8 29. Qc6 Nxb4 30. axb4 Nf6 31. Qxc7 Nd5 32. Qc6 Nxb4 33. Qxe6 Bxe6 34. Rb1 Nc2 35. Re2 a3 36. Nb3 Bxb3 37. Rxb3 a2 0-1


[Site "https://www.chess.com"]

[Event "Titled Tuesday Blitz August 08 Late 2023"]
[White "Musovic, Armin"]
[Black "Tristan, Leonardo"]
[WhiteFideId "939935"]
[BlackFideId "113816"]
[WhiteElo "2588"]
[BlackElo "2787"]
[Result "0-1"]
[Round "5"]
[TimeControl "180+1"]
[Date "2023.08.08"]
[WhiteClock "0:01:03"]
[BlackClock "0:01:03"]
[Board "37"]

1. a3 d5 2. d4 Nf6 3. Nf3 Bf5 4. c4 e6 5. Nc3 c6 6. g3 Nbd7 7. Bg2 Be7 8. O-O O-O 9. Nd2 h6 10. e4 dxe4 11. Ndxe4 Nxe4 12. Nxe4 Nf6 13. Nc3 Qb6 14. b4 Rfd8 15. Be3 a5 16. c5 Qa6 17. Re1 axb4 18. axb4 Qc4 19. Qd2 Qxb4 20. h3 Rxa1 21. Rxa1 Bxc5 22. Rb1 Bxb1 23. Bxh6 gxh6 24. Qxh6 Qxd4 25. Nxb1 Qxf2+ 0-1


[Site "https://www.chess.com"]

[Event "Titled Tuesday Blitz August 08 Late 2023"]
[White "Hnydiuk, Aleksander"]
[Black "Mahdavi, Reza"]
[WhiteFideId "1109057"]
[BlackFideId "12595926"]
[WhiteElo "2536"]
[BlackElo "2765"]
[Result "0-1"]
[Round "5"]
[TimeControl "180+1"]
[Date "2023.08.08"]
[WhiteClock "0:00:00"]
[BlackClock "0:00:15"]
[Board "38"]

1. d4 Nf6 2. c4 g6 3. f3 Bg7 4. e4 d6 5. Be3 O-O 6. Ne2 c5 7. d5 e6 8. Nec3 exd5 9. cxd5 a6 10. a4 Nbd7 11. Be2 h5 12. O-O Ne5 13. h3 Re8 14. Nd2 Rb8 15. Qc2 Qc7 16. f4 Ned7 17. a5 b5 18. axb6 Nxb6 19. Bf2 Nfxd5 20. exd5 Bxc3 21. Qxc3 Rxe2 22. Rae1 Rxe1 23. Rxe1 Bf5 24. g4 hxg4 25. hxg4 Nxd5 26. Qf3 Ne7 27. gxf5 Nxf5 28. Ne4 Qd8 29. Qc3 d5 30. Nf6+ Kg7 31. Nxd5+ f6 32. Rd1 Nh6 33. Bxc5 Ng8 34. Be7 Qd7 35. Bxf6+ Kf7 36. Bh4 Qg4+ 37. Bg3 Qxd1+ 38. Kf2 Rxb2+ 39. Qxb2 Qxd5 0-1


[Site "https://www.chess.com"]

[Event "Titled Tuesday Blitz August 08 Late 2023"]
[White "Chor, Kevin"]
[Black "Hambleton, Aman"]
[WhiteFideId "2090740"]
[BlackFideId "2606577"]
[WhiteElo "2523"]
[BlackElo "2761"]
[Result "0-1"]
[Round "5"]
[TimeControl "180+1"]
[Date "2023.08.08"]
[WhiteClock "0:00:12"]
[BlackClock "0:00:03"]
[Board "39"]

1. e4 b6 2. d4 Bb7 3. Bd3 e6 4. Nf3 d5 5. e5 Ba6 6. Bxa6 Nxa6 7. O-O Qd7 8. c3 c5 9. Nbd2 Ne7 10. Re1 Nc7 11. Nf1 Nf5 12. g4 Ne7 13. Ng3 g6 14. Bg5 Ng8 15. Bf6 Nxf6 16. exf6 Bd6 17. Ne5 Bxe5 18. dxe5 a5 19. Qd2 h6 20. Rad1 Qc6 21. f4 O-O-O 22. Qf2 h5 23. f5 h4 24. Ne2 gxf5 25. gxf5 Rdg8+ 26. Kf1 Rh5 27. fxe6 Nxe6 28. Rd3 Rxe5 29. Rf3 Ng5 30. Rf5 Qe6 31. Nd4 Rxe1+ 32. Qxe1 Qxe1+ 33. Kxe1 cxd4 34. Rxd5 dxc3 35. bxc3 Rg6 36. Rd6 Kc7 37. Rd5 Ne6 38. Rf5 Kd6 39. Rb5 Kc6 40. Rf5 Nc7 41. Rg5 Rxg5 0-1


[Site "https://www.chess.com"]

[Event "Titled Tuesday Blitz August 08 Late 2023"]
[White "Kuzmicz, Krystian"]
[Black "chess123456s"]
[WhiteFideId "1119125"]
[WhiteElo "2756"]
[BlackElo "2523"]
[Result "1-0"]
[Round "5"]
[TimeControl "180+1"]
[Date "2023.08.08"]
[WhiteClock "0:02:12"]
[BlackClock "0:01:54"]
[Board "40"]

1. e4 e6 2. b3 d5 3. Bb2 dxe4 4. Nc3 Nf6 5. Qe2 Be7 6. Nxe4 Nxe4 7. Qxe4 Bf6 8. O-O-O Bxb2+ 9. Kxb2 Qf6+ 10. d4 Qxf2 11. Nf3 Bd7 12. Rd2 f5 13. Qd3 Qxd2 14. Qxd2 O-O 15. Ne5 Bc6 16. Bc4 Bd5 17. Bxd5 exd5 18. Qb4 Nc6 19. Nxc6 bxc6 20. Re1 Rae8 21. Rxe8 Rxe8 22. Qb7 1-0


[Site "https://www.chess.com"]

[Event "Titled Tuesday Blitz August 08 Late 2023"]
[White "Willy, Stephen"]
[Black "Lamaze, Simon"]
[WhiteFideId "30981468"]
[BlackFideId "36069264"]
[WhiteElo "2522"]
[BlackElo "2755"]
[Result "0-1"]
[Round "5"]
[TimeControl "180+1"]
[Date "2023.08.08"]
[WhiteClock "0:00:43"]
[BlackClock "0:01:29"]
[Board "41"]

1. e4 c6 2. c4 d5 3. cxd5 cxd5 4. exd5 Nf6 5. Nc3 g6 6. Bc4 Nbd7 7. a4 Nb6 8. Bb3 Nbxd5 9. Qf3 Be6 10. Nge2 Bg7 11. O-O O-O 12. Nd4 Bg4 13. Qg3 Nb4 14. Nc2 Nd3 15. Ne3 h5 16. h3 Bf5 17. Nxf5 gxf5 18. Rd1 Ne4 19. Qf3 Qd4 20. Rf1 e6 21. Bc2 Nxc1 22. Nxe4 fxe4 0-1


[Site "https://www.chess.com"]

[Event "Titled Tuesday Blitz August 08 Late 2023"]
[White "Nazari, Arad"]
[Black "Kubatko, Ivan"]
[WhiteFideId "12577324"]
[BlackFideId "24111473"]
[WhiteElo "2754"]
[BlackElo "2464"]
[Result "1-0"]
[Round "5"]
[TimeControl "180+1"]
[Date "2023.08.08"]
[WhiteClock "0:01:03"]
[BlackClock "0:00:46"]
[Board "42"]

1. e4 d5 2. exd5 Qxd5 3. Nc3 Qa5 4. d4 Nf6 5. Bc4 Bg4 6. f3 Be6 7. Bxe6 fxe6 8. Ne2 Nc6 9. O-O O-O-O 10. Be3 e5 11. d5 Nxd5 12. Nxd5 Qxd5 13. Qxd5 Rxd5 14. Nc3 Rd8 15. Rad1 e6 16. Rxd8+ Kxd8 17. Rd1+ Kc8 18. Ne4 Be7 19. c3 Rd8 20. Re1 a5 21. Kf2 b5 22. Bc5 Bf6 23. Ke2 Kb7 24. Rd1 Rxd1 25. Kxd1 Kc8 26. Be3 Be7 27. Bc5 Bf6 28. Kc2 Kd7 29. b3 Be7 30. a4 bxa4 31. bxa4 Bxc5 32. Nxc5+ Kd6 33. Ne4+ Kd5 34. Kd3 h6 35. c4# 1-0


[Site "https://www.chess.com"]

[Event "Titled Tuesday Blitz August 08 Late 2023"]
[White "Tejedor Fuente, Enrique"]
[Black "GaiozNigalidze"]
[WhiteFideId "2299100"]
[WhiteElo "2754"]
[BlackElo "2430"]
[Result "0-1"]
[Round "5"]
[TimeControl "180+1"]
[Date "2023.08.08"]
[WhiteClock "0:00:00"]
[BlackClock "0:00:16"]
[Board "43"]

1. d4 Nf6 2. Nc3 c5 3. d5 g6 4. h4 h5 5. Bg5 Bg7 6. Nf3 d6 7. e4 a6 8. a4 Bg4 9. Be2 Qa5 10. Nd2 Bxe2 11. Qxe2 Nbd7 12. O-O Ng4 13. Nc4 Qc7 14. a5 Nge5 15. Ne3 f6 16. Bf4 Nf7 17. Bg3 b5 18. axb6 Qxb6 19. Ra2 O-O 20. Rfa1 Rfb8 21. Nc4 Qc7 22. Rxa6 Rxa6 23. Rxa6 Nfe5 24. Nxe5 fxe5 25. b3 Qb7 26. Ra4 Bf6 27. Nd1 Ra8 28. Nb2 Rxa4 29. Nxa4 Qb4 30. f3 Qd4+ 31. Bf2 Qa1+ 32. Kh2 Qb1 33. Nc3 Qa1 34. Qe1 Qa6 35. Be3 Qa5 36. Bd2 Nf8 37. Na4 Qa6 38. Kg1 Qa7 39. Be3 Qa6 40. Bd2 Kf7 41. Nb2 Qa2 42. Bc3 Nd7 43. Kh2 Nb6 44. Kh3 Nd7 45. Qc1 Nf8 46. Nd3 Qa6 47. Qa1 Qc8+ 48. g4 Nh7 49. Qg1 c4 50. bxc4 Qxc4 51. Qe1 hxg4+ 52. Kxg4 g5 53. h5 Bg7 54. Kg3 Bf6 55. Kf2 g4 56. Kg3 gxf3 57. Nf2 Ng5 58. Bd2 Qxc2 59. Bxg5 Bxg5 60. Kxf3 Qb3+ 61. Kg2 Bf4 62. Qe2 Qg3+ 63. Kf1 Qh4 64. Qg4 Qxg4 65. Nxg4 e6 66. dxe6+ Kxe6 67. h6 Kf7 68. h7 Kg7 69. Nf2 Kxh7 70. Ke2 Kg6 71. Kf3 Kf6 72. Nd3 Bg5 73. Nb2 Ke6 74. Ke2 Bd8 75. Kd3 Bb6 76. Nc4 Bc5 77. Nd2 Kf6 78. Ke2 Kg5 79. Kf3 Kh4 80. Nf1 Kh3 81. Ng3 Kh2 82. Ne2 Bb6 83. Nc3 Kg1 84. Na4 Bd4 85. Ke2 Kg2 86. Kd3 Kf3 87. Kc4 Kxe4 88. Kb3 Kd3 89. Ka2 e4 90. Kb1 Kd2 91. Ka2 e3 92. Kb3 e2 93. Kc4 e1=Q 94. Kxd4 Qh4+ 95. Kd5 Qxa4 96. Ke6 Kd3 97. Kd5 Qb5+ 98. Ke6 Ke4 99. Kxd6 Qb6+ 0-1


[Site "https://www.chess.com"]

[Event "Titled Tuesday Blitz August 08 Late 2023"]
[White "Rego, Pedro Filipe"]
[Black "Urazayev, Arystanbek"]
[WhiteFideId "1904310"]
[BlackFideId "13709810"]
[WhiteElo "2410"]
[BlackElo "2752"]
[Result "0-1"]
[Round "5"]
[TimeControl "180+1"]
[Date "2023.08.08"]
[WhiteClock "0:00:08"]
[BlackClock "0:00:40"]
[Board "44"]

1. d4 Nf6 2. Bf4 g6 3. Nc3 d5 4. e3 Bg7 5. h4 h5 6. Be2 c5 7. Nb5 Na6 8. c3 O-O 9. Nf3 Bd7 10. a4 c4 11. Ne5 Bf5 12. f3 Nb8 13. g4 hxg4 14. fxg4 Be4 15. Rh2 Nc6 16. h5 gxh5 17. gxh5 Kh7 18. h6 Bh8 19. Bf3 Rg8 20. Kd2 Bxf3 21. Qxf3 Ne4+ 22. Kc2 f6 23. Nxc4 Qd7 24. Nd2 Nxd2 25. Kxd2 e5 26. Bg3 Na5 27. Kc2 Nc4 28. Bh4 a6 29. Nc7 Qxc7 30. Qf5+ Rg6 31. Rg2 Nxe3+ 0-1


[Site "https://www.chess.com"]

[Event "Titled Tuesday Blitz August 08 Late 2023"]
[White "Kula, Robert"]
[Black "Akobian, Varuzhan"]
[WhiteFideId "1101218"]
[BlackFideId "13300580"]
[WhiteElo "2259"]
[BlackElo "2739"]
[Result "0-1"]
[Round "5"]
[TimeControl "180+1"]
[Date "2023.08.08"]
[WhiteClock "0:00:15"]
[BlackClock "0:01:34"]
[Board "45"]

1. d4 e6 2. c4 Nf6 3. Nc3 Bb4 4. Qc2 d5 5. e3 O-O 6. Nf3 c5 7. a3 Bxc3+ 8. bxc3 b6 9. cxd5 exd5 10. Bd3 Ba6 11. O-O Bxd3 12. Qxd3 Nbd7 13. a4 Qc7 14. Ba3 Rfc8 15. dxc5 Nxc5 16. Qd1 Nce4 17. Rc1 Nxc3 18. Qb3 Ne2+ 19. Kh1 Nxc1 20. Rxc1 Qd7 21. Rd1 Ne4 22. Kg1 Nc3 23. Rd3 Ne2+ 24. Kf1 Nc1 25. Bxc1 Rxc1+ 26. Ke2 Qc6 27. Qxd5 Qxd5 28. Rxd5 Rc4 29. a5 Rc5 30. Rxc5 bxc5 31. Nd2 Kf8 32. Kd3 Ke7 33. Kc4 Rb8 34. Ne4 Rb4+ 35. Kd5 Ra4 36. Nxc5 Rxa5 37. f4 f5 38. h3 h5 39. Kd4 Rxc5 40. Kxc5 Ke6 41. Kd4 h4 42. e4 fxe4 43. Kxe4 g6 44. f5+ gxf5+ 45. Kf4 a5 46. g3 hxg3 47. Kxg3 a4 48. h4 a3 49. h5 a2 50. h6 a1=Q 51. h7 Qg7+ 52. Kf4 Qxh7 0-1


[Site "https://www.chess.com"]

[Event "Titled Tuesday Blitz August 08 Late 2023"]
[White "Deviprasath, Sharvesh"]
[Black "Matlakov, Maxim"]
[WhiteFideId "30938228"]
[BlackFideId "4168003"]
[WhiteElo "2371"]
[BlackElo "2990"]
[Result "0-1"]
[Round "5"]
[TimeControl "180+1"]
[Date "2023.08.08"]
[WhiteClock "0:00:54"]
[BlackClock "0:00:07"]
[Board "46"]

1. b3 e5 2. Bb2 Nc6 3. Nf3 e4 4. Nd4 Nxd4 5. Bxd4 d5 6. e3 Ne7 7. d3 Nc6 8. Bb2 Qg5 9. h4 Qf5 10. Nd2 Be6 11. dxe4 dxe4 12. Bc4 O-O-O 13. Bxe6+ Qxe6 14. Qe2 Nb4 15. O-O-O Nxa2+ 16. Kb1 Nb4 17. Qc4 Qxc4 18. Nxc4 Nc6 19. Rxd8+ Kxd8 20. Rd1+ Kc8 21. h5 Rg8 22. Rd5 Bb4 23. Rf5 f6 24. Rf4 Re8 25. h6 gxh6 26. Rxf6 h5 27. Rh6 Rf8 28. Rxh5 Rxf2 29. Rxh7 Rf1+ 30. Ka2 b5 31. Ne5 Nxe5 32. Bxe5 Ba5 33. Bd4 Kb7 34. g4 Rg1 35. Rg7 Rg2 36. Kb1 Bd2 37. g5 Re2 38. Be5 Bxe3 39. Rxc7+ Kb6 40. g6 Bd4 41. Re7 Re1+ 42. Ka2 Ra1# 0-1


[Site "https://www.chess.com"]

[Event "Titled Tuesday Blitz August 08 Late 2023"]
[White "Pert, Richard G"]
[Black "Elsa167"]
[WhiteFideId "404748"]
[WhiteElo "2589"]
[BlackElo "2894"]
[Result "0-1"]
[Round "5"]
[TimeControl "180+1"]
[Date "2023.08.08"]
[WhiteClock "0:00:30"]
[BlackClock "0:01:31"]
[Board "47"]

1. d4 Nf6 2. Bg5 c6 3. Bxf6 gxf6 4. Nc3 f5 5. e3 d5 6. Bd3 h5 7. Qf3 e6 8. Nh3 Nd7 9. O-O-O Nf6 10. Ne2 h4 11. c4 Ne4 12. Nef4 Qa5 13. Kb1 Nd2+ 14. Rxd2 Qxd2 15. Rd1 Qa5 16. Ng5 Be7 17. Nfh3 Qd8 18. Qf4 f6 19. Nxe6 Bxe6 20. Bxf5 Qd7 21. Bg6+ Kd8 22. cxd5 Qxd5 23. e4 Qxa2+ 24. Kc1 Qa1+ 25. Kd2 Bb4+ 26. Ke2 Bc4+ 27. Ke3 Qxd1 28. Qxf6+ Kc7 29. Qe5+ Kb6 30. Nf4 Bd2# 0-1


[Site "https://www.chess.com"]

[Event "Titled Tuesday Blitz August 08 Late 2023"]
[White "Henriquez Villagra, Cristobal"]
[Black "Deng, Henry"]
[WhiteFideId "3409350"]
[BlackFideId "30965454"]
[WhiteElo "2845"]
[BlackElo "2580"]
[Result "1-0"]
[Round "5"]
[TimeControl "180+1"]
[Date "2023.08.08"]
[WhiteClock "0:00:20"]
[BlackClock "0:00:10"]
[Board "48"]

1. g3 d5 2. Bg2 g6 3. f4 Bg7 4. Nf3 Nf6 5. O-O O-O 6. c3 c5 7. d3 Nc6 8. Qe1 Re8 9. Ne5 Qc7 10. Nxc6 Qxc6 11. e4 dxe4 12. dxe4 Qb6 13. e5 Nd7 14. Na3 Nf8 15. Nc4 Qc7 16. Ne3 Be6 17. c4 Rad8 18. Nd5 Qc8 19. Be3 Nd7 20. Rd1 Nb6 21. b3 h5 22. Rd2 Kf8 23. Qf2 Nd7 24. h3 b6 25. Kh2 Nb8 26. Qf3 Nc6 27. Rfd1 Nb4 28. Nxb4 cxb4 29. Qf2 Qc7 30. Rxd8 Rxd8 31. Rxd8+ Qxd8 32. Qd2 Qxd2 33. Bxd2 f6 34. exf6 Bxf6 35. Bxb4 Bf5 36. c5 bxc5 37. Bxc5 Bb1 38. a4 a5 39. b4 axb4 40. Bxb4 Bd4 41. Bf1 Kg7 42. Bxe7 Bc3 43. Bd8 Bd4 44. a5 h4 45. gxh4 Be3 46. Kg3 Bf5 47. Bb6 Bd2 48. a6 Be1+ 49. Bf2 Ba5 50. a7 Be4 51. Bg2 Ba8 52. Bxa8 Bb6 53. Bxb6 1-0


[Site "https://www.chess.com"]

[Event "Titled Tuesday Blitz August 08 Late 2023"]
[White "Troff, Kayden"]
[Black "Gasparyan, David"]
[WhiteFideId "2047896"]
[BlackFideId "13311980"]
[WhiteElo "2794"]
[BlackElo "2581"]
[Result "0-1"]
[Round "5"]
[TimeControl "180+1"]
[Date "2023.08.08"]
[WhiteClock "0:00:28"]
[BlackClock "0:01:00"]
[Board "49"]

1. d4 Nf6 2. Nf3 d6 3. Bg5 Nbd7 4. Nbd2 g6 5. e3 Bg7 6. Bd3 O-O 7. h4 h6 8. Bxf6 Nxf6 9. c3 Bg4 10. Qb3 c5 11. dxc5 dxc5 12. Bc4 Qc7 13. h5 Bxh5 14. Nh4 a6 15. a4 e6 16. Nf1 b5 17. Be2 Bxe2 18. Kxe2 bxa4 19. Qxa4 Rab8 20. Ra2 Nd5 21. Qe4 Rxb2+ 22. Kf3 Rxa2 23. Nh2 Qe5 24. Qc4 Qf6+ 25. Kg4 Rxf2 26. Kg3 Nxe3 27. Qe4 Re2 28. Kh3 Nxg2 29. Qxe2 Nf4+ 0-1


[Site "https://www.chess.com"]

[Event "Titled Tuesday Blitz August 08 Late 2023"]
[White "Miladinovic, Igor"]
[Black "Bilan, Danila"]
[WhiteFideId "4203380"]
[BlackFideId "24161918"]
[WhiteElo "2774"]
[BlackElo "2579"]
[Result "0-1"]
[Round "5"]
[TimeControl "180+1"]
[Date "2023.08.08"]
[WhiteClock "0:00:06"]
[BlackClock "0:00:04"]
[Board "50"]

1. d4 d5 2. Bg5 c6 3. e3 Bf5 4. Nf3 Qb6 5. Qc1 e6 6. Be2 h6 7. Bf4 Nd7 8. O-O c5 9. c4 Ngf6 10. Nc3 dxc4 11. Bxc4 cxd4 12. Nxd4 Bg6 13. Na4 Qd8 14. Nb5 e5 15. Bxe5 Nxe5 16. Rd1 Qc8 17. Bxf7+ Kxf7 18. Nc7 Rb8 19. f4 Ne8 20. fxe5 Qxc7 21. Qd2 Kg8 22. Qd5+ Kh7 23. Rac1 Qe7 24. e6 Nc7 25. Qe5 Qxe6 26. Qxc7 Qxe3+ 27. Kh1 Bb4 28. Rd7 Rhg8 29. Rg1 Ba5 30. Qd6 Bb6 31. Rxg7+ Rxg7 32. Rf1 Qg5 33. Qxg6+ Qxg6 34. g3 Qg5 35. Kg2 Qd5+ 36. Kh3 Qd3 37. Rf4 Rbg8 38. Rh4 Rxg3+ 39. hxg3 Qxg3# 0-1


[Site "https://www.chess.com"]